 Dungeon Crawl Stone Soup version 0.24-a0-132-ge4b1dce (webtiles) character file.

Game seed: 11501046652485436207

276 pmoppi the Insei (level 6, -7/47 HPs)
             Began as a Gnoll Transmuter on Feb 27, 2019.
             Mangled by Duvessa
             ... wielding a +0 short sword of freezing
              (11 damage)
             ... on level 4 of the Dungeon.
             The game lasted 00:05:50 (2320 turns).

pmoppi the Insei (Gnoll Transmuter)                 Turns: 2320, Time: 00:05:51

Health: -7/47      AC:  2    Str: 12    XL:     6   Next: 25%
Magic:  4/13       EV: 23    Int: 17    God:
Gold:   198        SH:  0    Dex: 21    Spells: 9/15 levels left

rFire    . . .     SeeInvis .     - Unarmed
rCold    . . .     Gourm    .   (shield currently unavailable)
rNeg     . . .     Faith    .   (armour currently unavailable)
rPois    x         Spirit   .   (helmet currently unavailable)
rElec    .         Reflect  .   (cloak currently unavailable)
rCorr    .         Harm     .   (gloves currently unavailable)
MR       .....                  (boots currently unavailable)
Stlth    ++........             (no amulet)
HPRegen  0.15/turn              (no ring)
MPRegen  0.13/turn              (no ring)

@: spider-form, very slightly contaminated, drained
A: tiny, distributed training, strong nose
a: End Transformation


You were on level 4 of the Dungeon.
You were not hungry.
You were a venomous arachnid creature.
You visited 1 branch of the dungeon, and saw 4 of its levels.

You collected 198 gold pieces.

Inventory:

Hand Weapons
 a - a +2 dagger of venom
 s - a +2 rapier of electrocution (melded)
Missiles
 h - 93 arrows
Armour
 p - +0 steam dragon scales (melded)
 r - a +0 pair of gloves (melded)
Jewellery
 j - an uncursed amulet of harm {unknown}
 q - an uncursed ring of flight {unknown}
 t - a +5 ring of strength {unknown}
Scrolls
 b - 2 scrolls of remove curse {unknown}
 e - a scroll of enchant weapon {unknown}
 f - 2 scrolls of enchant armour {unknown}
 g - 3 scrolls of identify {unknown}
 i - 2 scrolls of teleportation {unknown}
 k - 2 scrolls of amnesia {unknown}
Potions
 l - a potion of lignification {unknown}
 m - 2 potions of haste {unknown}
 n - a potion of flight {unknown}
 o - a potion of heal wounds {unknown}
Comestibles
 c - 4 chunks of flesh
 d - 7 rations


   Skills:
 + Level 3.1(2.4) Fighting
 + Level 1.8(1.1) Short Blades
 + Level 1.8(1.1) Long Blades
 + Level 1.8(1.1) Axes
 + Level 1.8(1.1) Maces & Flails
 + Level 1.8(1.1) Polearms
 + Level 1.8(1.1) Staves
 + Level 1.8(1.1) Slings
 + Level 1.8(1.1) Bows
 + Level 1.8(1.1) Crossbows
 + Level 1.8(1.1) Throwing
 + Level 1.8(1.1) Armour
 + Level 4.9(4.1) Dodging
 + Level 1.8(1.1) Stealth
 + Level 1.8(1.1) Shields
 + Level 6.8(6.0) Unarmed Combat
 + Level 5.3(4.5) Spellcasting
 + Level 1.4(0.7) Conjurations
 + Level 1.4(0.7) Hexes
 + Level 1.4(0.7) Charms
 + Level 1.4(0.7) Summonings
 + Level 1.4(0.7) Necromancy
 + Level 1.4(0.7) Translocations
 + Level 4.0(3.3) Transmutations
 + Level 1.4(0.7) Fire Magic
 + Level 1.4(0.7) Ice Magic
 + Level 1.4(0.7) Air Magic
 + Level 1.4(0.7) Earth Magic
 + Level 1.4(0.7) Poison Magic
 + Level 2.0(1.3) Invocations
 + Level 1.8(1.1) Evocations


You had 9 spell levels left.
You knew the following spells:

 Your Spells              Type           Power        Failure   Level  Hunger
a - Beastly Appendage     Tmut           ###...       12%         1    None
b - Sticks to Snakes      Tmut           ###.....     17%         2    ##.....
c - Spider Form           Tmut/Pois      ##........   38%         3    ###....

Your spell library contained the following spells:

 Spells                   Type           Power        Failure   Level  Hunger
 Ice Form                 Ice/Tmut       ##......     75%         4    ####...
 Blade Hands              Tmut           ###.......   87%         5    ######.


Dungeon Overview and Level Annotations

Branches:
Dungeon (4/15)
 Temple: D:4-7

Altars:
Fedhas
Kikubaaqudgha
Sif Muna
Uskayaw
Zin

Annotations:
D:4 Dowan, Duvessa


Innate Abilities, Weirdness & Mutations

Your experience applies equally to all skills.
((You have very sharp teeth.))
Your uncanny sense of smell can sniff out nearby items.


Message History

You miscast Spider Form.
You feel weak for a moment. Duvessa barely misses you.
Dowan hits you but does no damage.
You feel drained.
Unknown command.
Casting: Spider Form (safe; 19% risk of failure)
Confirm with . or Enter, or press ? or * to list all spells.
You turn into a venomous arachnid creature.
Your +2 rapier of electrocution melds into your body.
Your +0 pair of gloves melds into your body.
Your +0 steam dragon scales melds into your body.
Your +2 rapier of electrocution stops crackling.
Dowan casts a spell at you. The puff of flame hits you!
* * * LOW HITPOINT WARNING * * *
Duvessa hits you with a +0 short sword of freezing.
* * * LOW HITPOINT WARNING * * *
Duvessa freezes you.
* * * LOW HITPOINT WARNING * * *
You hit Duvessa but do no damage.
Duvessa is poisoned.
Duvessa hits you with a +0 short sword of freezing!
You die...

#...........#
#..........## #
#..........#
#.####.........##
#..............#
###...........##
##.........##
#.(.......#
##....se###
#.....e.#
#..#.....#
#..##.....#
#..####....# #..
.....# ## ......
#####.


You could see Duvessa and Dowan.

Vanquished Creatures
  The ghost of Gunnerkreig the Magician, an amateur DrWz (D:3)
  A centaur skeleton (D:4)
  4 gnolls (D:3)
  4 adders
  An ooze (D:3)
  3 worms (D:2)
  4 dart slugs
  2 leopard geckos
  A ball python (D:1)
  4 giant cockroaches
  9 hobgoblins
  6 jackals
  6 kobolds
  2 quokkas
  7 bats
  10 frilled lizards
  7 goblins
  7 rats
79 creatures vanquished.

Notes
Turn   | Place    | Note
-------+----------+-------------------------------------------
     0 | D:1      | pmoppi the Gnoll Transmuter began the quest for the Orb.
     0 | D:1      | Reached XP level 1. HP: 17/17 MP: 6/6
    61 | D:1      | Reached XP level 2. HP: 10/23 MP: 5/7
    79 | D:1      | Learned a level 2 spell: Sticks to Snakes
   585 | D:1      | Reached XP level 3. HP: 28/28 MP: 9/9
   611 | D:1      | Reached skill level 5 in Spellcasting
   852 | D:1      | Learned a level 3 spell: Spider Form
   974 | D:2      | Reached skill level 1 in Invocations
  1033 | D:2      | Reached skill level 1 in Short Blades
  1033 | D:2      | Reached skill level 1 in Long Blades
  1033 | D:2      | Reached skill level 1 in Axes
  1033 | D:2      | Reached skill level 1 in Maces & Flails
  1033 | D:2      | Reached skill level 1 in Polearms
  1033 | D:2      | Reached skill level 1 in Staves
  1033 | D:2      | Reached skill level 1 in Slings
  1033 | D:2      | Reached skill level 1 in Bows
  1033 | D:2      | Reached skill level 1 in Crossbows
  1033 | D:2      | Reached skill level 1 in Throwing
  1033 | D:2      | Reached skill level 1 in Armour
  1033 | D:2      | Reached skill level 1 in Stealth
  1033 | D:2      | Reached skill level 1 in Shields
  1033 | D:2      | Reached skill level 1 in Evocations
  1072 | D:2      | Reached XP level 4. HP: 29/34 MP: 6/11
  1101 | D:2      | Found a deep blue altar of Sif Muna.
  1101 | D:2      | Found a hide-covered altar of Uskayaw.
  1104 | D:2      | Found a glowing silver altar of Zin.
  1621 | D:3      | Found a runed translucent door.
  1713 | D:3      | Reached skill level 1 in Conjurations
  1713 | D:3      | Reached skill level 1 in Hexes
  1713 | D:3      | Reached skill level 1 in Charms
  1713 | D:3      | Reached skill level 1 in Summonings
  1713 | D:3      | Reached skill level 1 in Necromancy
  1713 | D:3      | Reached skill level 1 in Translocations
  1713 | D:3      | Reached skill level 1 in Fire Magic
  1713 | D:3      | Reached skill level 1 in Ice Magic
  1713 | D:3      | Reached skill level 1 in Air Magic
  1713 | D:3      | Reached skill level 1 in Earth Magic
  1713 | D:3      | Reached skill level 1 in Poison Magic
  1855 | D:3      | Noticed Gunnerkreig's ghost (amateur DrWz)
  1875 | D:3      | Killed Gunnerkreig's ghost
  1875 | D:3      | Reached XP level 5. HP: 34/41 MP: 9/12
  1988 | D:3      | Found a blossoming altar of Fedhas.
  1993 | D:3      | Reached XP level 6. HP: 39/47 MP: 4/13
  1998 | D:3      | Found an ancient bone altar of Kikubaaqudgha.
  2309 | D:4      | Noticed Duvessa
  2310 | D:4      | Noticed Dowan
  2320 | D:4      | Mangled by Duvessa

Levels and vault maps discovered:
D:1:      ncdulo_smallfort, layout_basic, hangedman_decor_growths
D:2:      layout_loops_ring, gammafunk_temple_overflow_forgotten,
          minmay_lizard_pond
D:3:      layout_rooms, grunt_temple_overflow_growth_and_decay,
          ebering_ghost_inner_flame, first_ration, nrook_mini_vaults
D:4:      layout_cave_pods, uniq_crazy_yiuf_cottage, uniq_menkaure, uniq_duvessa

Skill      XL: |  1  2  3  4  5  6 |
---------------+-------------------+-----
Spellcasting   | 5 |  5.3
Invocations    | 1 2 |  2.0
Short Blades   | 1 |  1.8
Long Blades    | 1 |  1.8
Axes           | 1 |  1.8
Maces & Flails | 1 |  1.8
Polearms       | 1 |  1.8
Staves         | 1 |  1.8
Slings         | 1 |  1.8
Bows           | 1 |  1.8
Crossbows      | 1 |  1.8
Throwing       | 1 |  1.8
Armour         | 1 |  1.8
Stealth        | 1 |  1.8
Shields        | 1 |  1.8
Evocations     | 1 |  1.8
Conjurations   | 1 |  1.4
Hexes          | 1 |  1.4
Charms         | 1 |  1.4
Summonings     | 1 |  1.4
Necromancy     | 1 |  1.4
Translocations | 1 |  1.4
Fire Magic     | 1 |  1.4
Ice Magic      | 1 |  1.4
Air Magic      | 1 |  1.4
Earth Magic    | 1 |  1.4
Poison Magic   | 1 |  1.4
Fighting       | 3 |  3.1
Transmutations | 4 |  4.0
Dodging        | |  4.9
Unarmed Combat | |  6.8

Action                   |  1- 3 |  4- 6 || total
-------------------------+-------+-------++-------
Melee: Unarmed           |    54 |    85 ||   139
       Headbutt          |     5 |       ||     5
       Bite              |     4 |     2 ||     6
       Dagger            |    20 |    28 ||    48
       Kick              |     2 |     3 ||     5
       Punch             |       |     3 ||     3
       Rapier            |       |     3 ||     3
 Cast: Beastly Appendage |     6 |     2 ||     8
       Spider Form       |     4 |    11 ||    15
 Stab: Sleeping          |     2 |     2 ||     4
  Eat: Chunk             |     1 |     5 ||     6
Armor: Robe              |     6 |     4 ||    10
       Skin              |       |     6 ||     6
       Steam dragon scal |       |     2 ||     2
Dodge: Dodged            |    50 |   106 ||   156

Table legend:
 A = Non-vault XP
 B = Vault XP
 C = Vault XP percentage of total XP
 D = Non-vault monster count
 E = Vault monster count
 F = Vault count percentage of total count
                 A         B        C        D         E       F
            +---------+---------+-------+---------+---------+-------
      Total |     273 |     122 |  30.9 |      72 |       7 |   8.9
            +---------+---------+-------+---------+---------+-------
        D:1 |      45 |       0 |   0.0 |      23 |       0 |   0.0
        D:2 |      63 |       5 |   7.4 |      18 |       5 |  21.7
        D:3 |     106 |     117 |  52.5 |      24 |       2 |   7.7
        D:4 |      59 |       0 |   0.0 |       7 |       0 |   0.0
            +---------+---------+-------+---------+---------+-------
